 Dungeon Crawl Stone Soup version 0.28.0-43-g3370ac3207 (webtiles) character file.

Game seed: 5213564651011164526

17565 pkoi the Destroyer (level 12, -5/72 HPs)
             Began as a Deep Elf Conjurer on Mar 29, 2022.
             Was an Elder of Dithmenos.
             Killed by an exploding fulminant prism (20 damage)
             ... on level 2 of the Lair of Beasts.
             The game lasted 00:35:21 (21643 turns).

pkoi the Destroyer (Deep Elf Conjurer)             Turns: 21643, Time: 00:35:22

Health: -5/72      AC:  9    Str:  4    XL:     12   Next: 20%
Magic:  0/23       EV: 17    Int: 29    God:    Dithmenos [****..]
Gold:   574        SH:  0    Dex: 13    Spells: 8/23 levels left

rFire   + . .      SeeInvis .   q - staff of fire
rCold   + . .      Faith    .   (no shield)
rNeg    . . .      Spirit   .   J - +1 robe {rC+}
rPois   .          Reflect  .   i - +1 helmet
rElec   .          Harm     .   C - +0 cloak
rCorr   .          Rampage  .   s - +1 pair of gloves
Will    ++...                   e - +0 pair of boots
Stlth   +++.......              (no amulet)
HPRegen 0.22/turn               t - ring of willpower
MPRegen 0.18/turn               (no ring)

@: wreathed by umbra
A: no striking features
a: Renounce Religion, Shadow Step


You were on level 2 of the Lair of Beasts.
You worshipped Dithmenos.
Dithmenos was greatly pleased with you.
You visited 2 branches of the dungeon, and saw 11 of its levels.
You also visited: Ossuary.

You collected 574 gold pieces.

Inventory:

Hand Weapons
 b - a +1 short sword
 p - a +1 vorpal spear
 v - a +4 short sword
 w - a +0 whip of venom
Armour
 a - a +0 robe
 e - a +0 pair of boots (worn)
 i - a +1 helmet (worn)
 s - a +1 pair of gloves (worn)
 C - a +0 cloak (worn)
 D - an orb of light
 J - a +1 robe of cold resistance (worn)
Magical Staves
 q - a staff of fire (weapon)
Jewellery
 t - a ring of willpower (left hand)
 I - a ring of ice
Wands
 k - a wand of iceblast (1)
 x - a wand of flame (18)
 B - a wand of paralysis (11)
 H - a wand of polymorph (5)
Scrolls
 d - 4 scrolls of silence
 f - a scroll of enchant weapon
 l - 2 scrolls of fog
 m - 2 scrolls of teleportation
 y - a scroll of magic mapping
 E - a scroll of acquirement
 G - a scroll of brand weapon {unknown}
 K - a scroll of blinking
Potions
 c - 8 potions of curing
 g - a potion of cancellation
 h - 6 potions of heal wounds
 j - 2 potions of flight
 n - 2 potions of attraction
 o - 3 potions of ambrosia
 r - 2 potions of berserk rage
 u - a potion of invisibility
 z - a potion of magic
 A - a potion of brilliance
 F - a potion of might


   Skills:
 + Level 7.4 Fighting
 + Level 10.8 Dodging
 - Level 2.4 Stealth
 - Level 6.4 Spellcasting
 + Level 12.7 Conjurations
 + Level 10.6 Hexes
 - Level 7.0 Translocations
 - Level 3.0 Fire Magic


You had 8 spell levels left.
You knew the following spells:

 Your Spells              Type           Power      Damage    Failure   Level
a - Magic Dart            Conj           100%       1d8       1%          1
b - Searing Ray           Conj           100%       2d8       1%          2
c - Iskenderun's Mystic   Conj/Tloc      61%        2d13      1%          4
d - Fulminant Prism       Conj/Hex       33%        3d16      1%          4
e - Inner Flame           Hex/Fire       65%        N/A       1%          3
f - Apportation           Tloc           98%        N/A       1%          1

Your spell library contained the following spells:

 Spells                   Type           Power      Damage    Failure   Level
 Confusing Touch          Hex            63%        N/A       1%          3
 Dazzling Flash           Conj/Hex       100%       N/A       1%          3
 Cause Fear               Hex            31%        N/A       1%          4
 Corpse Rot               Necr/Air       18%        N/A       9%          2
 Yara's Violent Unravell  Hex/Tmut       20%        3d9       17%         5
 Dispel Undead            Necr           9%         3d8       47%         4
 Summon Lightning Spire   Summ/Air       9%         N/A       47%         4
 Enfeeble                 Hex            31%        N/A       50%         7
 Alistair's Intoxication  Tmut/Pois      6%         N/A       83%         5
 Discord                  Hex            31%        N/A       99%         8
 Death Channel            Necr           4%         N/A       100%        6
 Storm Form               Tmut/Air       4%         N/A       100%        7
 Maxwell's Capacitive Co  Air            4%         ∞         100%        8


Dungeon Overview and Level Annotations

Branches:
Dungeon (9/15)             Temple (0/1) D:7            Lair (2/6) D:9
    Orc (0/2) D:9         Ossuary (visited)
  Swamp: Lair:2-4    Shoals: Lair:2-4     Snake: Lair:2-4    Spider: Lair:2-4

Altars:
Dithmenos
Elyvilon
Fedhas
Gozag
Hepliaklqana
Okawaru
Vehumet
Xom
Yredelemnul
The Shining One
Jiyva

Shops:
D:8 [


Message History

The six-headed hydra is engulfed in blazing flames.
Flame seeps out of the six-headed hydra.
Casting: Magic Dart (safe; 1% risk of failure)
Confirm with . or Enter, or press ? or * to list all spells.
You erupt in a blast of force!
The mystic blast hits the six-headed hydra!!
Flame seeps out of the six-headed hydra.
The six-headed hydra is almost dead.
The six-headed hydra is knocked back by the mystic blast.
Casting: Iskenderun's Mystic Blast (dangerous; 1% risk of failure)
Confirm with . or Enter, or press ? or * to list all spells.
Aiming: Fulminant Prism (mildly dangerous; 1% risk of failure)
Press: ? - help, Dir - move target, p - six-headed hydra You conjure a prism of explosive energy!
A fulminant prism comes into view.
The six-headed hydra is engulfed in blazing flames.
Flame seeps out of the six-headed hydra.
Casting: Fulminant Prism (mildly dangerous; 1% risk of failure)
Confirm with . or Enter, or press ? or * to list all spells.
You erupt in a blast of force!
The mystic blast hits the six-headed hydra!!
Dithmenos accepts your kill.
The mystic blast hits the six-headed hydra!!
The six-headed hydra is moderately wounded.
The six-headed hydra is knocked back by the mystic blast.
The six-headed hydra explodes!
The fiery explosion engulfs your fulminant prism!
Your fulminant prism resists.
Your fulminant prism is heavily damaged.
The fiery explosion engulfs the six-headed hydra!!!
The six-headed hydra is severely wounded.
The fiery explosion engulfs you!! You resist.
* * * LOW HITPOINT WARNING * * *
You hear a loud, deep croak!
Your fulminant prism crackles loudly.
Unknown command.
The blink frog blinks!
Your fulminant prism explodes!
The blast of energy engulfs you!!
You die...

### ### #.## .
#.###..# ##..
##.##...# #....
#.......###....#
##.@........P..#
#..§....÷.......
##§§§...<.#.#...
......D§....#.#
..#...........#
.............P#
.
.P§P#........##
..#
....#.......##
..P.
#..§....)...P


You could see a six-headed hydra.

Vanquished Creatures
  Fannar (Lair:1)
  2 hydras
  3 two-headed ogres
  2 death yaks (D:9)
  Maurice (D:8)
  2 cane toads (Lair:1)
  4 komodo dragons
  A troll (D:8)
  14 blink frogs
  A wyvern (D:9)
  7 yaks
  2 basilisks (Lair:1)
  4 vampire mosquitoes (D:7)
  A swamp worm (Lair:2)
  5 water moccasins
  2 orc warriors
  4 sky beasts
  A swamp drake (D:9)
  2 black bears
  An ice beast (D:8)
  9 wolves
  4 ogres
  2 phantoms
  3 centaurs
  2 kobold brigands (D:7)
  7 bullfrogs
  3 scorpions
  15 killer bees
  4 wights (D:7)
  2 howler monkeys
  An electric eel (D:8)
  A bullfrog zombie (D:7)
  5 centaur zombies
  3 gnoll shamans
  4 jellies (D:8)
  5 orc priests
  3 hounds
  An iguana (D:5)
  5 orc wizards
  A killer bee zombie (D:7)
  A hound skeleton (D:4)
  4 mummies
  A howler monkey zombie (D:6)
  8 adders
  13 gnolls
  2 shadow imps
  A white imp (D:7)
  An ufetubus (D:4)
  An adder skeleton (D:4)
  A worm (D:3)
  2 dart slugs
  27 orcs
  4 bats
  7 endoplasms
  2 gnoll zombies (Ossuary)
  5 goblins
  6 hobgoblins
  18 kobolds
  2 quokkas
  3 ball pythons
  13 frilled lizards
  2 goblin zombies (Ossuary)
  A hobgoblin zombie (Ossuary)
  2 orc zombies
  8 rats
  A spectral hobgoblin (D:2)
276 creatures vanquished.

Vanquished Creatures (others)
  34 fulminant prisms
  8 fungi
  19 plants
61 creatures vanquished.

Grand Total: 337 creatures vanquished

Notes
Turn   | Place    | Note
-------+----------+-------------------------------------------
     0 | D:1      | pkoi the Deep Elf Conjurer began the quest for the Orb.
     0 | D:1      | Reached XP level 1. HP: 10/10 MP: 6/6
   141 | D:1      | Reached XP level 2. HP: 15/15 MP: 4/8
   158 | D:1      | Reached skill level 5 in Conjurations
   916 | D:2      | Reached XP level 3. HP: 19/19 MP: 3/9
   982 | D:2      | Learned a level 2 spell: Searing Ray
  1004 | D:2      | Found a faded altar of an unknown god.
  1170 | D:2      | Reached skill level 6 in Conjurations
  1216 | D:2      | You fall into a shaft and drop 2 floors!
  1279 | D:4      | Noticed a phantom
  1287 | D:4      | Killed a phantom
  1288 | D:4      | Reached skill level 7 in Conjurations
  1288 | D:4      | Reached XP level 4. HP: 24/24 MP: 1/10
  1288 | D:4      | Reached XP level 5. HP: 28/28 MP: 1/11
  1402 | D:4      | Learned a level 4 spell: Iskenderun's Mystic Blast
  1632 | D:4      | Found a shadowy altar of Dithmenos.
  1640 | D:4      | Became a worshipper of Dithmenos the Shadowed
  1713 | D:4      | Reached skill level 1 in Translocations
  2327 | D:3      | Found a blossoming altar of Fedhas.
  2327 | D:3      | Found an opulent altar of Gozag.
  3173 | D:2      | Reached * piety under Dithmenos
  3310 | D:2      | Found a hazy altar of Hepliaklqana.
  3962 | D:4      | Found a hazy altar of Hepliaklqana.
  4285 | D:4      | Reached XP level 6. HP: 32/32 MP: 2/12
  4829 | D:5      | Entered Level 5 of the Dungeon
  4943 | D:5      | Found a glowing golden altar of the Shining One.
  5146 | D:5      | Reached skill level 8 in Conjurations
  5319 | D:5      | Noticed a water moccasin
  5328 | D:5      | Killed a water moccasin
  5329 | D:5      | Reached XP level 7. HP: 17/36 MP: 4/13
  5589 | D:5      | Learned a level 4 spell: Fulminant Prism
  5663 | D:5      | Reached skill level 1 in Hexes
  6058 | D:5      | Found a radiant altar of Vehumet.
  6210 | D:6      | Found a sand-covered staircase.
  6218 | Ossuary  | Entered an ossuary
  6463 | Ossuary  | Reached skill level 9 in Conjurations
  6940 | D:6      | Reached skill level 5 in Translocations
  6940 | D:6      | Reached XP level 8. HP: 41/41 MP: 8/14
  7606 | D:6      | Found a basalt altar of Yredelemnul.
  7613 | D:6      | Found an iron altar of Okawaru.
  7948 | D:6      | Reached skill level 1 in Fighting
  8613 | D:6      | Noticed a komodo dragon
  9141 | D:6      | Killed a komodo dragon
  9142 | D:6      | Reached skill level 10 in Conjurations
  9594 | D:6      | Noticed a boulder beetle
  9751 | D:3      | Learned a level 3 spell: Inner Flame
 10162 | D:7      | Reached ** piety under Dithmenos
 10163 | D:7      | Reached XP level 9. HP: 49/49 MP: 4/16
 10322 | D:7      | Reached skill level 5 in Hexes
 10322 | D:7      | Reached skill level 1 in Fire Magic
 10409 | D:7      | Reached skill level 5 in Dodging
 11924 | D:7      | HP: 1/51 [wight/+0 battleaxe (14)]
 12358 | D:7      | Reached skill level 5 in Spellcasting
 12436 | D:7      | Found a staircase to the Ecumenical Temple.
 12840 | D:8      | Noticed a troll
 12846 | D:8      | Killed a troll
 12957 | D:8      | Reached XP level 10. HP: 56/56 MP: 6/19
 13205 | D:8      | Noticed a two-headed ogre
 13212 | D:8      | Killed a two-headed ogre
 13651 | D:8      | Noticed a two-headed ogre
 13670 | D:8      | Killed a two-headed ogre
 13918 | D:8      | Found a viscous altar of Jiyva.
 13930 | D:8      | Found a white marble altar of Elyvilon.
 13944 | D:8      | Found Lomugo's Armour Shoppe.
 13955 | D:8      | Noticed Maurice
 13962 | D:8      | Killed Maurice
 13962 | D:8      | Reached *** piety under Dithmenos
 14154 | D:8      | Reached skill level 5 in Fighting
 14280 | D:8      | Found a shimmering altar of Xom.
 14736 | D:9      | Reached skill level 11 in Conjurations
 15424 | D:9      | Identified the +4 war axe of an ossuary {vorpal, +Blink}
 16428 | D:9      | Noticed a death yak
 16428 | D:9      | Noticed a death yak
 16488 | D:9      | Noticed a death yak
 17018 | D:9      | Noticed a two-headed ogre
 17023 | D:9      | Killed a two-headed ogre
 17024 | D:9      | Reached XP level 11. HP: 64/64 MP: 12/22
 17360 | D:9      | Found a staircase to the Lair.
 17741 | D:9      | Reached **** piety under Dithmenos
 17890 | D:9      | Found a staircase to the Orcish Mines.
 18012 | D:9      | Killed a death yak
 18332 | D:9      | Killed a death yak
 18552 | Lair:1   | Entered Level 1 of the Lair of Beasts
 18552 | Lair:1   | Noticed a seven-headed hydra
 18557 | Lair:1   | Killed a seven-headed hydra
 19093 | Lair:1   | Noticed Fannar
 19101 | Lair:1   | Killed Fannar
 19102 | Lair:1   | Reached skill level 12 in Conjurations
 19436 | Lair:1   | Reached skill level 10 in Dodging
 19625 | Lair:1   | Identified a scroll of acquirement
 20326 | Lair:1   | Learned a level 1 spell: Apportation
 20363 | Lair:1   | Reached skill level 10 in Hexes
 20784 | Lair:2   | Noticed a six-headed hydra
 21045 | Lair:2   | Reached XP level 12. HP: 72/72 MP: 6/23
 21635 | Lair:2   | Noticed a six-headed hydra
 21642 | Lair:2   | Killed a six-headed hydra
 21643 | Lair:2   | Killed by an exploding fulminant prism

Illustrated notes

Levels and vault maps discovered:
D:1:      dpeg_arrival_pits, layout_basic, minivault_27, minmay_lizard_king
D:2:      layout_basic, basic_altar, dreamdust_ecumenical_altar_drowned_temple,
          minmay_misc_feat_doors, skrybe_limestone_x, kennysheep_generic_room_4
D:3:      layout_basic, gammafunk_temple_overflow_wave, st_stairs_8
D:4:      layout_layer_cave, general_overflow_altar,
          nicolae_dithmenos_shadow_blocks
D:5:      layout_rooms, mainiacjoe_overflow_six_doors_small, tso_oasis_becter
D:6:      minmay_cornered_nines, layout_layer_cave, minitemple,
          nicolae_ossuary_entry_giza
D:7:      layout_gridville, minmay_temple_entry_tees
D:8:      layout_cave_pools, nicolae_elyvilon_temple_path, tgw_xom,
          serial_shops, shop, jiyva_altar_1, uniq_maurice
D:9:      layout_loops_cross, dpeg_lair_monsters, erik_orc_1
Lair:1:   layout_hall_layers, lemuel_fruit_tree, uniq_fannar
Lair:2:   layout_misc_corridors, palyth_hydra_swamp_entry, dummy_snake_entry,
          serial_bayou_shore_a

Skill      XL: |  1  2  3  4  5  6  7  8  9 10 11 |
---------------+----------------------------------+-----
Conjurations   | 5 7 8 9 10 11 12 | 12.7
Translocations | 2 4 5 6 7 |  7.0
Hexes          | 3 4 6 7 10 | 10.6
Fighting       | 2 4 5 7 |  7.4
Dodging        | 4 6 8 10 | 10.8
Spellcasting   | 5 6 |  6.4
Fire Magic     | 2 3 |  3.0
Stealth        | |  2.4

Action                   |  1- 3 |  4- 6 |  7- 9 | 10-12 || total
-------------------------+-------+-------+-------+-------++-------
Melee: Short sword       |       |     4 |       |       ||     4
       Staff             |       |       |       |    26 ||    26
       Punch             |       |       |       |     1 ||     1
 Cast: Magic Dart        |    68 |   130 |   114 |   132 ||   444
       Searing Ray       |       |     2 |    20 |     7 ||    29
       Iskenderun's Myst |       |       |    37 |    72 ||   109
       Fulminant Prism   |       |       |    20 |    14 ||    34
       Inner Flame       |       |       |    18 |    67 ||    85
Evoke: Wand              |       |       |     2 |     1 ||     3
  Use: Scroll            |       |    16 |     3 |     2 ||    21
       Potion            |       |       |     1 |       ||     1
Armor: Robe              |     2 |     8 |    16 |    17 ||    43
Dodge: Dodged            |     4 |    16 |    71 |   114 ||   205
